 Dungeon Crawl Stone Soup version 0.31.0-11-ge490571c62 (webtiles) character file.

Game seed: 5014108436904241208

2161 dave1331 the Shield-Bearer (level 9, -11/75 HPs)
             Began as a Hill Orc Fighter on Jan 28, 2024.
             Killed from afar by a steam dragon (18 damage)
             ... with a ball of steam
             ... on level 7 of the Dungeon.
             The game lasted 00:25:36 (5582 turns).

dave1331 the Shield-Bearer (Hill Orc Fighter)       Turns: 5582, Time: 00:25:36

Health: -11/75     AC:  7    Str: 19    XL:     9   Next: 32%
Magic:  3/3        EV: 10    Int:  8    God:
Gold:   163        SH:  0    Dex: 10    Spells: 8/8 levels left

rFire   . . .        y - +2 great sword of Gozag's Wrath {antimagic, Will+ Str-4 SInv}
rCold   . . .        (shield currently unavailable)
rNeg    . . .        b - +0 scale mail
rPois   .            (no helmet)
rElec   .            o - scarf {shadows}
rCorr   .            (no gloves)
SInv    +            (no boots)
Will    ++...        p - amulet of regeneration
Stlth   +            i - ring of willpower
HPRegen 1.12/turn    (no ring)
MPRegen 0.08/turn

%: no passive effects
@: no status effects
A: no striking features
a: no special abilities


You were on level 7 of the Dungeon.
You visited 1 branch of the dungeon, and saw 7 of its levels.

You collected 393 gold pieces.
You spent 230 gold pieces at shops.

Inventory:

Hand Weapons
 a - a +2 war axe
 h - the +3 rapier of Dishonesty {spect, *Corrode *Slow rPois Str+4}
   (You found it on level 4 of the Dungeon)

   Str+4:     It affects your strength (+4).
   rPois:     It protects you from poison *Corrode: It may corrode you when you
   take damage.
   *Slow:     It may slow you when you take damage.
 y - the +2 great sword of Gozag's Wrath (weapon) {antimagic, Will+ Str-4 SInv}
   (You bought it in a shop on level 7 of the Dungeon)

   Str-4:     It affects your strength (-4).
   Will+:     It increases your willpower.
   SInv:      It lets you see invisible.
Armour
 b - a +0 scale mail (worn)
 c - a +0 buckler
 k - a +0 ring mail
 m - a +4 kite shield
 o - a scarf of shadows (worn)
Jewellery
 i - a ring of willpower (left hand)
 j - an amulet of reflection
 p - an amulet of regeneration (around neck)
 r - an amulet of the acrobat
 u - a +5 ring of evasion
Wands
 x - a wand of paralysis (3) (quivered)
Scrolls
 g - 2 scrolls of teleportation
 l - a scroll of revelation
 n - a scroll of amnesia
 s - a scroll of acquirement
 v - a scroll of noise
Potions
 d - 2 potions of curing
 e - 3 potions of degeneration
 f - a potion of invisibility {unknown}
 t - a potion of haste {unknown}
 w - 2 potions of brilliance


   Skills:
 + Level 6.1 Fighting
 + Level 3.6 Short Blades
 + Level 7.3 Axes
 + Level 0.6 Throwing
 + Level 5.8 Armour
 + Level 1.9 Dodging
 + Level 2.7 Stealth
 + Level 7.4 Shields
 + Level 2.6 Evocations


You had 8 spell levels left.
You didn't know any spells.
Your spell library contained the following spells:

 Spells                   Type           Power      Damage    Failure   Level
 Lesser Beckoning         Tloc           0%         N/A       88%         2
 Gell's Gravitas          Tloc           0%         N/A       98%         3
 Teleport Other           Tloc           0%         N/A       98%         3
 Anguish                  Hex/Necr       0%         N/A       100%        4
 Cause Fear               Hex            0%         N/A       100%        4
 Enfeeble                 Hex            0%         N/A       100%        7


Dungeon Overview and Level Annotations

Branches:
Dungeon (7/15)             Temple (0/1) D:4

Altars:
Gozag
Nemelex Xobeh

Shops:
D:7 (


Message History

The steam dragon claws you.
* * * LOW HITPOINT WARNING * * *
You hit the steam dragon.
The steam dragon is heavily wounded.
You are engulfed in a cloud of scalding steam.
* * * LOW HITPOINT WARNING * * *
The steam dragon bites you.
* * * LOW HITPOINT WARNING * * *
The steam dragon barely misses you. The steam dragon closely misses you.
The steam dragon claws you.
* * * LOW HITPOINT WARNING * * *
You closely miss the steam dragon.
The steam dragon is heavily wounded.
The steam dragon barely misses you. x2
The steam dragon bites you but does no damage.
The steam dragon claws you but does no damage.
You hit the steam dragon but do no damage.
The steam dragon is heavily wounded.
The steam dragon bites you.
* * * LOW HITPOINT WARNING * * *
The steam dragon claws you.
* * * LOW HITPOINT WARNING * * *
You barely miss the steam dragon.
The steam dragon is heavily wounded.
The steam dragon bites you but does no damage.
The steam dragon claws you.
* * * LOW HITPOINT WARNING * * *
The steam dragon barely misses you.
The steam dragon claws you but does no damage.
You barely miss the steam dragon.
The steam dragon is heavily wounded.
The steam dragon bites you.
* * * LOW HITPOINT WARNING * * *
The steam dragon claws you.
* * * LOW HITPOINT WARNING * * *
You slash the steam dragon!
The steam dragon is almost dead.
The steam dragon breathes steam at you. The ball of steam hits you!!
You die...

#...##..#.#.#..†...##..,,,,***
**
######...###.......#****,,**
#....#........## *,,**
*#.............#**,**
**#...........##..*
##........[..#.#*
##............# *#..........#*
*#...@...<.# ###.D....##
###....# ###.## #.## ##.# #.##
##.# ##.##


You could see a steam dragon (catching breath).

Vanquished Creatures
  The ghost of awry the Trooper, an amateur OnBe of Trog (D:5)
  Menkaure (D:5)
  3 water moccasins (D:5)
  2 black bears (D:4)
  2 ice beasts
  An ogre (D:4)
  A centaur (D:6)
  A phantom (D:6)
  2 kobold brigands (D:5)
  4 bombardier beetles
  4 hounds
  A jelly (D:6)
  An orc priest (D:3)
  A sleepcap (D:5)
  2 iguanas
  Ijyb (D:5)
  4 orc wizards
  A mummy (D:5)
  6 gnolls
  12 adders
  2 ufetubi (D:6)
  3 dart slugs
  A ribbon worm (D:2)
  24 orcs
  5 endoplasms
  3 giant cockroaches
  7 goblins
  6 hobgoblins
  7 jackals
  13 kobolds
  2 quokkas
  8 ball pythons
  8 bats
  2 frilled lizards
  2 hobgoblin zombies (D:5)
  A kobold zombie (D:5)
  5 rats
150 creatures vanquished.

Notes
Turn   | Place    | Note
-------+----------+-------------------------------------------
     0 | D:1      | dave1331 the Hill Orc Fighter began the quest for the Orb.
     0 | D:1      | Reached XP level 1. HP: 19/19 MP: 1/1
   157 | D:1      | Reached XP level 2. HP: 24/27 MP: 2/2
   553 | D:1      | Reached XP level 3. HP: 33/33 MP: 3/3
   922 | D:2      | Reached XP level 4. HP: 29/40 MP: 4/4
  1221 | D:2      | Found a faded altar of an unknown god.
  1265 | D:2      | You fall into a shaft and drop 1 floor!
  1630 | D:3      | Reached XP level 5. HP: 41/47 MP: 5/5
  2225 | D:3      | Reached XP level 6. HP: 47/53 MP: 6/6
  2517 | D:4      | Noticed a black bear
  2529 | D:4      | Killed a black bear
  2530 | D:4      | Reached skill level 5 in Axes
  2636 | D:4      | Identified the +5 spear of the Growing Fox {heavy, Dex+4}
  2826 | D:4      | Reached skill level 5 in Shields
  2838 | D:4      | Reached XP level 7. HP: 56/60 MP: 7/7
  2955 | D:4      | Reached skill level 5 in Fighting
  2957 | D:4      | Reached skill level 1 in Stealth
  2957 | D:4      | Found a sparkling altar of Nemelex Xobeh.
  3024 | D:4      | Found an opulent altar of Gozag.
  3146 | D:4      | Reached skill level 1 in Dodging
  3152 | D:4      | Identified the +3 rapier of Dishonesty {spect, *Corrode
                  | *Slow rPois Str+4}
  3186 | D:4      | Reached skill level 1 in Evocations
  3247 | D:4      | Found a staircase to the Ecumenical Temple.
  3483 | D:5      | Entered Level 5 of the Dungeon
  3510 | D:5      | Noticed Menkaure
  3514 | D:5      | Killed Menkaure
  3515 | D:5      | Reached XP level 8. HP: 68/68 MP: 8/8
  3562 | D:5      | Noticed Ijyb
  3565 | D:5      | Killed Ijyb
  3622 | D:5      | Reached skill level 1 in Short Blades
  3763 | D:5      | Reached skill level 5 in Armour
  3797 | D:5      | Noticed awry's ghost (amateur OnBe)
  3798 | D:5      | Found a runed translucent gate.
  3798 | D:5      | Found a runed translucent gate.
  3798 | D:5      | Found a runed translucent gate.
  3849 | D:5      | Killed awry's ghost
  4040 | D:5      | Reached XP level 9. HP: 36/75 MP: 9/9
  4872 | D:6      | Identified a scroll of acquirement
  5485 | D:7      | Found Fitzicredoi's Antique Weapon Boutique.
  5504 | D:7      | Bought a faintly glowing great sword for 230 gold pieces
  5504 | D:7      | Identified the +2 great sword of Gozag's Wrath {antimagic,
                  | Will+ Str-4 SInv} (You bought it in a shop on level 7 of
                  | the Dungeon)
  5582 | D:7      | Killed from afar by a steam dragon

Illustrated notes

Levels and vault maps discovered:
D:1:      scummos_arrival_forest, layout_loops_ring
D:2:      layout_loops_cross, nicolae_ecumenical_oubliette, minivault_4
D:3:      layout_loops_corners
D:4:      minmay_evil_eye, layout_rooms, nemelex_xobeh_ov_fountains_minmay,
          grunt_gozag_breadcrumbs, minmay_temple_entry_poolview
D:5:      layout_basic, gammafunk_ghost_nasty_kobolds, minmay_mini_ossuary,
          uniq_menkaure, uniq_ijyb
D:6:      layout_loops_corners
D:7:      layout_cave_pods, kennysheep_mini, serial_shops, shop,
          nicolae_shop_advertising_works [nicolae_subvault_shop_adworks],
          nicolae_shop_bloodbath_and_beyond, nicolae_shop_tiny_waterfront

Skill      XL: |  1  2  3  4  5  6  7  8  9 |
---------------+----------------------------+-----
Axes           | 3 4 5 6 7 |  7.3
Fighting       | 4 5 6 |  6.1
Armour         | 4 5 |  5.8
Shields        | 4 5 6 7 |  7.4
Stealth        | 2 |  2.7
Dodging        | 1 |  1.9
Evocations     | 1 2 |  2.6
Short Blades   | 3 |  3.6
Throwing       | |  0.6

Action                     |  1- 3 |  4- 6 |  7- 9 || total
---------------------------+-------+-------+-------++-------
  Melee: War axe           |    72 |   160 |    27 ||   259
         Rapier            |       |       |   182 ||   182
         Great sword       |       |       |    10 ||    10
  Throw: Stone             |    18 |     7 |       ||    25
         Throwing net      |       |       |     3 ||     3
  Evoke: Wand              |       |     1 |    37 ||    38
    Use: Potion            |     2 |       |     3 ||     5
         Scroll            |     1 |     8 |     8 ||    17
   Stab: Paralysed         |       |     1 |    14 ||    15
         Distracted        |       |       |     2 ||     2
 Armour: Scale mail        |    49 |   101 |   132 ||   282
  Dodge: Dodged            |    34 |    69 |    68 ||   171
  Block: Buckler           |     6 |       |       ||     6
         Kite shield       |     4 |   107 |   183 ||   294
         Reflection        |       |       |     1 ||     1
